 Dungeon Crawl Stone Soup version 0.30.0 (webtiles) character file.

Game seed: 402487609296833506

368 browni3141 the Grave Robber (level 6, -10/48 HPs)
             Began as a Barachi Necromancer on May 7, 2023.
             Mangled by an ogre
             ... wielding a +0 giant spiked club
              (31 damage)
             ... on level 4 of the Dungeon.
             The game lasted 00:05:20 (3125 turns).

browni3141 the Grave Robber (Barachi Necromancer)   Turns: 3125, Time: 00:05:21

Health: -10/48     AC:  4    Str: 10    XL:     6   Next: 69%
Magic:  3/9        EV: 12    Int: 17    God:
Gold:   235        SH:  0    Dex: 12    Spells: 8/9 levels left

rFire   . . .        U - +0 short sword
rCold   . . .        (no shield)
rNeg    . . .        a - +0 robe
rPois   .            L - +0 helmet
rElec   .            (no cloak)
rCorr   .            O - +0 pair of gloves
SInv    .            (no boots)
Will    .....        (no amulet)
Stlth   ++           (no ring)
HPRegen 0.28/turn    (no ring)
MPRegen 0.11/turn

%: no passive effects
@: about to teleport, unable to hop, slow
A: amphibious, slowness 1, strong legs 1, +LOS
a: Hop


You were on level 4 of the Dungeon.
You visited 1 branch of the dungeon, and saw 4 of its levels.

You collected 235 gold pieces.

Inventory:

Hand Weapons
 U - a +0 short sword (weapon)
Missiles
 J - 4 poisoned darts
 Z - a throwing net
Armour
 a - a +0 robe (worn)
 L - a +0 helmet (worn)
 O - a +0 pair of gloves (worn)
Magical Staves
 I - a staff of poison
Jewellery
 M - a ring of fire
Scrolls
 r - a scroll of identify
 K - a scroll of vulnerability {unknown}
 N - a scroll of immolation {unknown}
 Q - 2 scrolls of noise {unknown}
 T - a scroll of brand weapon {unknown}
 W - 3 scrolls of magic mapping
 Y - 2 scrolls of enchant weapon {unknown}
Potions
 C - 2 potions of curing
 H - a potion of heal wounds
 P - a potion of mutation {unknown}
 S - a potion of resistance {unknown}
 X - 2 potions of might {unknown}


   Skills:
 - Level 4.0 Fighting
 - Level 3.0 Short Blades
 - Level 2.1 Dodging
 - Level 1.7 Stealth
 - Level 2.1 Spellcasting
 * Level 5.6 Necromancy


You had 8 spell levels left.
You knew the following spells:

 Your Spells              Type           Power      Damage    Failure   Level
N - Necrotise             Necr           84%        1d8       1%          1

Your spell library contained the following spells:

 Spells                   Type           Power      Damage    Failure   Level
 Vampiric Draining        Necr           21%        2d7       5%          3
 Animate Dead             Necr           21%        N/A       19%         4
 Agony                    Necr           21%        N/A       45%         5
 Tukima's Dance           Hex            1%         N/A       50%         3
 Passage of Golubria      Tloc           1%         N/A       88%         4
 Yara's Violent Unravell  Hex/Tmut       0%         3d3       99%         5


Dungeon Overview and Level Annotations

Branches:
Dungeon (4/15)
 Temple: D:4-7

Altars:
Okawaru

Annotations:
D:3 Grinder


Innate Abilities, Weirdness & Mutations

You are amphibious.
You cover ground slowly.
You can hop short distances.
You have an extended range of vision and can be seen from far away.


Message History

The cerulean imp hits you with a +1 spear.
Natasha claws you!
Natasha writhes in agony.
The cerulean imp hits you with a +1 spear.
Natasha claws you. The cerulean imp closely misses you.
Natasha writhes in agony.
Natasha completely misses you. The cerulean imp closely misses you.
Natasha mumbles some strange words.
You hit Natasha.
Natasha is severely wounded.
The cerulean imp hits you with a +1 spear.
The cerulean imp barely misses you. Natasha claws you.
You closely miss Natasha.
Natasha is severely wounded.
The cerulean imp barely misses you.
Natasha hisses.
Natasha barely misses you.
The cerulean imp hits you from afar with a +1 spear.
The cerulean imp hits you with a +1 spear.
Aiming: Necrotise (safe; 1% risk of failure)
Press: ? - help, Q - select action, (/) - cycle Shift-Dir - straight line, f/p - Natasha
Aim: Natasha (severely wounded, chance to affect: 78%) Natasha barely resists.
The cerulean imp hits you from afar with a +1 spear.
Natasha closely misses you.
The cerulean imp hits you but does no damage.
The cerulean imp closely misses you. Natasha claws you but does no damage.
Unknown command.
Aiming: Necrotise (safe; 1% risk of failure)
Press: ? - help, Q - select action, (/) - cycle Shift-Dir - straight line, f/p - Natasha
Aim: Natasha (severely wounded, chance to affect: 78%) Natasha barely resists.
The cerulean imp hits you but does no damage.
Natasha claws you!
* * * LOW HITPOINT WARNING * * *
The cerulean imp hits you but does no damage.
The cerulean imp hits you with a +1 spear.
* * * LOW HITPOINT WARNING * * *
Unknown command.
Aiming: Necrotise (safe; 1% risk of failure)
Press: ? - help, Q - select action, (/) - cycle Shift-Dir - straight line, f/p - Natasha
Aim: Natasha (severely wounded, chance to affect: 78%) Natasha writhes in agony.
The cerulean imp hits you but does no damage.
Natasha howls an incantation.
Natasha's front paws start to glow.
Natasha casts a spell at you. The magic dart hits you.
* * * LOW HITPOINT WARNING * * *
The cerulean imp hits you with a +1 spear.
* * * LOW HITPOINT WARNING * * *
The cerulean imp hits you from afar with a +1 spear.
* * * LOW HITPOINT WARNING * * *
Natasha misses you.
Unknown command.
Aiming: Necrotise (safe; 1% risk of failure)
Press: ? - help, Q - select action, (/) - cycle Shift-Dir - straight line, f/p - Natasha
Aim: Natasha (severely wounded, chance to affect: 78%)
Okay, then.
You feel much better.
The cerulean imp hits you with a +1 spear.
Natasha howls an incantation.
Natasha shimmers violently.
Natasha closely misses you.
The cerulean imp hits you from afar with a +1 spear.
The cerulean imp hits you but does no damage.
Aiming: Necrotise (safe; 1% risk of failure)
Press: ? - help, Q - select action, (/) - cycle Shift-Dir - straight line, f/p - Natasha
Aim: Natasha (severely wounded, chance to affect: 78%) Natasha writhes in agony.
You feel yourself speed up. The cerulean imp closely misses you.
Natasha claws you.
The cerulean imp hits you but does no damage.
Natasha claws you. The cerulean imp closely misses you.
Unknown command.
Aiming: Necrotise (safe; 1% risk of failure)
Press: ? - help, Q - select action, (/) - cycle Shift-Dir - straight line, f/p - Natasha
Aim: Natasha (almost dead, chance to affect: 78%) Natasha writhes in agony.
You kill Natasha!
Natasha screams in fury as she dies!
The cerulean imp disappears in a puff of smoke!
The cerulean imp disappears in a puff of smoke!
The dead are walking!
Unknown command.
You start resting.
An ogre comes into view. It is wielding a +0 giant spiked club.
You swap places.
There is an escape hatch in the ceiling here.
You start resting.
An ogre is nearby!
Hop to where?
Press: ? - help, Dir - move target Boing!
Natasha claws the ogre.
As you read the scroll of teleportation, it crumbles to dust.
You feel strangely unstable. The ogre attacks as you move away!
The ogre hits you with a +0 giant spiked club!!
Ouch! That really hurt!
You die...

#..................#....##.#
.....!......................
.........°.........#..####.#
.#.#######<..#######..# #
##...## #.... ##..Z..##
##.### #......<# #..
#.#.O.#.# ###. #.#.@.#.# .
.........##.# # .##.#.#### .
#.#. # O .


You could see an ogre (ally target) and the friendly Natasha the felid skeleton.

Vanquished Creatures
  Sigmund (D:3)
  Jessica (D:2)
  Natasha (twice) (D:4)
  Robin (D:3)
  3 adders
  An ufetubus (D:3)
  A worm (D:2)
  2 orcs (D:3)
  A ball python (D:3)
  3 bats
  8 endoplasms
  2 giant cockroaches (D:2)
  13 hobgoblins
  A jackal (D:3)
  A quokka (D:1)
  8 goblins
  6 kobolds
  3 rats
58 creatures vanquished.

Vanquished Creatures (collateral kills)
  An adder (D:4)
  An endoplasm (D:2)
  2 goblins
  A rat (D:1)
5 creatures vanquished.

Grand Total: 63 creatures vanquished

Notes
Turn   | Place    | Note
-------+----------+-------------------------------------------
     0 | D:1      | browni3141 the Barachi Necromancer began the quest for the
                  | Orb.
     0 | D:1      | Reached XP level 1. HP: 13/13 MP: 3/3
   364 | D:1      | Reached XP level 2. HP: 22/22 MP: 1/5
   871 | D:2      | Found a faded altar of an unknown god.
  1044 | D:2      | Reached skill level 3 in Fighting
  1044 | D:2      | Reached XP level 3. HP: 25/29 MP: 3/6
  1673 | D:3      | Noticed Robin
  1884 | D:3      | Reached XP level 4. HP: 37/37 MP: 5/7
  1904 | D:3      | Noticed Jessica
  2083 | D:3      | Killed Robin
  2083 | D:3      | Noticed Sigmund
  2110 | D:2      | Killed Jessica
  2111 | D:2      | Reached skill level 4 in Necromancy
  2340 | D:3      | Killed Sigmund
  2341 | D:3      | Reached skill level 3 in Short Blades
  2341 | D:3      | Reached skill level 5 in Necromancy
  2341 | D:3      | Reached XP level 5. HP: 16/42 MP: 4/8
  2341 | D:3      | Reached XP level 6. HP: 19/48 MP: 4/9
  2692 | D:3      | Found an iron altar of Okawaru.
  2775 | D:3      | Noticed Grinder
  2780 | D:3      | Paralysed by Grinder for 4 turns
  2943 | D:4      | Noticed Natasha
  2960 | D:4      | Killed Natasha
  3038 | D:4      | Noticed Natasha
  3101 | D:4      | HP: 1/48 [cerulean imp/+1 spear[Natasha] (2)]
  3104 | D:4      | Killed Natasha
  3125 | D:4      | Mangled by an ogre

Illustrated notes

Levels and vault maps discovered:
D:1:      eino_arrival_water_cross, layout_basic
D:2:      layout_basic, hellmonk_ecumenical_altar_arch_garden
D:3:      layout_loops_ring, mainiacjoe_overflow_tiny_flanked, minmay_between,
          uniq_grinder, uniq_sigmund, uniq_robin, uniq_jessica
D:4:      layout_loops_cross, minmay_temple_entry_statues_pillars, uniq_natasha

Skill      XL: |  1  2  3  4 |
---------------+-------------+-----
Fighting       | 1 3 4 |  4.0
Short Blades   | 3 |  3.0
Necromancy     | 5 |  5.6
Dodging        | |  2.1
Stealth        | |  1.7
Spellcasting   | |  2.1

Action                     |  1- 3 |  4- 6 || total
---------------------------+-------+-------++-------
  Melee: Unarmed           |     8 |       ||     8
         Short sword       |    41 |    72 ||   113
         Punch             |     1 |     1 ||     2
   Cast: Necrotise         |    58 |    70 ||   128
Ability: Hop               |     1 |     2 ||     3
    Use: Scroll            |     3 |     3 ||     6
         Potion            |       |     8 ||     8
   Stab: Distracted        |       |     1 ||     1
         Invisible         |       |     1 ||     1
 Armour: Robe              |    19 |    31 ||    50
  Dodge: Dodged            |    48 |    83 ||   131
